AoeStats
← kolemy

Hill Fort

503950671Analyzed
4v4 RM · 29d ago on Sep 3, 2026· 61m 26s· 8 players
Game mode
Random Map
Map size
Large (8 player)
Population
200
Speed
Normal
Resources
Standard
Victory
Conquest
Starting age
Dark Age
Ending age
Imperial Age
RankedLock teamsTeams togetherTeam positionsShared explorationLock speedFull tech treeHidden civsTurbo modeCheats
Victory
Defeat
🇺🇸 Persians · United States
546
+23
🇮🇩 Huns · Indonesia
524
+24
🇬🇹 Vietnamese · Guatemala
520
+24
🇺🇸 Portuguese · United States
453
+25
🇲🇽 Inca · Mexico
747
-25
🇻🇪 Cumans · Venezuela
745
-25
🇦🇷 Huns · Argentina
685
-23
🇲🇽 Romans · Mexico
677
-23
mankey
12:13 Feudal Age
13:14 Double-Bit Axe
15:17 Loom
15:24 Man-at-Arms
28:47 Castle Age
30:19 Wheelbarrow
31:08 Bow Saw
31:21 Hand Cart
30:51 Crossbowman
31:37 Thumb Ring
35:56 Forging
40:51 Iron Casting
41:17 Scale Mail Armor
41:22 Scale Barding Armor
42:37 Chain Mail Armor
50:12 Imperial Age
57:33 Spies/Treason
NoahMercy4u
4:30 Loom
12:29 Feudal Age
14:01 Wheelbarrow
14:57 Man-at-Arms
20:27 Double-Bit Axe
22:01 Forging
21:46 Gold Mining
26:20 Scale Barding Armor
26:16 Scale Mail Armor
26:17 Padded Archer Armor
26:07 Fletching
29:04 Castle Age
27:01 Stone Mining
27:54 Bloodlines
27:40 Arson
28:28 Horse Collar
30:18 Hand Cart
30:16 Bow Saw
30:09 Heavy Plow
30:46 Iron Casting
30:34 Chain Barding Armor
30:41 Squires
31:25 Pikeman
32:07 Husbandry
33:23 Stone Shaft Mining
33:26 Gold Shaft Mining
44:09 Crossbowman
44:55 Thumb Ring
50:50 Imperial Age
47:49 Elite Skirmisher
48:49 Leather Archer Armor
48:30 Bodkin Arrow
48:51 Chain Mail Armor
50:54 Elite War Elephant
51:10 Capped Ram
52:21 Kamandaran
52:31 Citadels
53:37 Two-Man Saw
52:48 Cavalier
59:34 Spies/Treason
61:01 Halberdier
62:21 Plate Barding Armor
62:46 Blast Furnace
62:17 Plate Mail Armor
kolemy
0:57 Loom
15:00 Feudal Age
15:32 Double-Bit Axe
15:29 Horse Collar
15:34 Man-at-Arms
21:27 Gold Mining
23:06 Wheelbarrow
24:20 Town Watch
24:47 Arson
26:42 Stone Mining
32:01 Castle Age
32:07 Fletching
33:12 Heavy Plow
33:25 Bow Saw
33:34 Crossbowman
36:13 Bodkin Arrow
36:28 Long Swordsman
36:29 Pikeman
37:10 Squires
39:09 Thumb Ring
41:37 Treadmill Crane
42:18 Ballistics
41:54 Murder Holes
42:10 Fortified Wall
43:58 Chatras
47:56 Imperial Age
45:44 Hand Cart
45:30 Town Patrol
48:02 Capped Ram
52:57 Cavalier
52:58 Light Cavalry
53:48 Bloodlines
53:39 Husbandry
genkogenka
0:38 Loom
47:26 Feudal Age
Rompe--Anos
0:44 Loom
Bergoglio
Lheudrin
0:38 Loom
14:50 Feudal Age
16:50 Gold Mining
16:24 Man-at-Arms
16:53 Double-Bit Axe
22:50 Arson
27:16 Padded Archer Armor
28:01 Fletching
28:12 Scale Mail Armor
30:15 Forging
31:45 Town Watch
35:20 Wheelbarrow
52:38 Castle Age
59:42 Pikeman
60:23 Squires
axizzz3pam
0:39 Loom
Connection lost

Rejoining the realm…

Still unreachable

The connection could not be restored.

Session expired

The server has moved on; the page needs a fresh start.